[Event "Titled Tuesday Blitz December 06 Early 2022"]
[White "Tatarinov, Dmitry"]
[Black "Muminova, Nafisa"]
[WhiteFideId "24160067"]
[BlackFideId "14201526"]
[WhiteElo "2326"]
[BlackElo "2258"]
[Result "1/2-1/2"]
[Round "02"]
[TimeControl "180+1"]
[Date "2022.12.07"]
[WhiteClock "0:00:27"]
[BlackClock "0:00:16"]

1. e4 e6 2. d4 d5 3. Nd2 c5 4. exd5 Qxd5 5. Ngf3 cxd4 6. Bc4 Qd7 7. Nb3 Nc6 8. Nbxd4 Nxd4 9. Qxd4 Qxd4 10. Nxd4 Bd7 11. Be3 Rc8 12. Bd3 Nf6 13. c3 Nd5 14. Bd2 a6 15. O-O Bc5 16. Nb3 Bd6 17. Rfe1 Nf4 18. Be4 Bc6 19. Bxc6+ Rxc6 20. Na5 Rc7 21. Bxf4 Bxf4 22. g3 Bd6 23. Rad1 Ke7 24. Kg2 Rd8 25. h4 b6 26. Nb3 g6 27. h5 Rcd7 28. Nd4 Rc7 29. Nf3 Rcd7 30. h6 Bc5 31. Rxd7+ Rxd7 32. b4 Bd6 33. Ng5 Rd8 34. f4 Rc8 35. Re3 a5 36. a3 axb4 37. axb4 b5 38. Kf3 Bb8 39. Ke2 e5 40. fxe5 Re8 41. Kd3 Rd8+ 42. Kc2 f6 43. exf6+ Kxf6 44. Nxh7+ Kf5 45. Kb3 Be5 46. Ng5 Bf6 47. Ne6 Rh8 48. Nd4+ Bxd4 49. cxd4 Rxh6 50. Re5+ Kg4 51. Rxb5 Kxg3 52. Rb8 Kf4 53. Kc4 g5 54. Rg8 g4 55. b5 g3 56. Kc5 Rh5+ 57. d5 Rg5 58. Rf8+ Ke4 59. Rf1 Rxd5+ 60. Kc6 Rd2 61. Rb1 g2 62. b6 Kf3 63. b7 Rd8 64. Kc7 Rg8 65. Rb3+ Kf2 66. Rb2+ Kf1 67. Rxg2 Kxg2 68. b8=Q Rxb8 69. Kxb8 1/2-1/2


[Site "https://www.chess.com"]

[Event "Titled Tuesday Blitz December 06 Early 2022"]
[White "Timofeev, Artyom"]
[Black "Pajeken, Jakob Leon"]
[WhiteFideId "4140419"]
[BlackFideId "12942839"]
[WhiteElo "2586"]
[BlackElo "2414"]
[Result "0-1"]
[Round "02"]
[TimeControl "180+1"]
[Date "2022.12.06"]
[WhiteClock "0:00:41"]
[BlackClock "0:00:15"]

1. d4 d5 2. Nc3 Nf6 3. Bf4 c6 4. e3 g6 5. h4 Bg7 6. Be2 h5 7. Nf3 b5 8. Ne5 Bb7 9. g4 Nbd7 10. g5 Ng8 11. a3 Nxe5 12. Bxe5 Bxe5 13. dxe5 e6 14. Qd4 Ne7 15. e4 O-O 16. exd5 exd5 17. Bd3 Qb6 18. Qxb6 axb6 19. Kd2 Bc8 20. Ne2 c5 21. Bxb5 Ba6 22. Bxa6 Rxa6 23. Nf4 Ra4 24. Nd3 Nf5 25. f4 Rd8 26. b3 Re4 27. Kc3 c4 28. Nb4 Rxf4 29. Rad1 Rf3+ 30. Kb2 c3+ 31. Kb1 d4 32. Rd3 Rxd3 33. Nxd3 Kf8 34. a4 Ke7 35. Ka2 Ke6 36. b4 Kd5 37. Kb3 Ke4 38. Rh3 Ne3 39. Rh2 Kf3 40. Rf2+ Kg4 41. Rxf7 Kxh4 42. e6 Kxg5 43. Ne5 Nf5 44. Rb7 Re8 45. Rxb6 h4 46. e7 Rxe7 47. Nxg6 Re1 48. Nxh4 Kxh4 49. a5 Ne3 50. a6 Rb1+ 51. Ka4 Nxc2 52. b5 d3 53. a7 Nd4 54. Rd6 Ra1+ 55. Kb4 c2 56. Rxd4+ Kg5 57. Rc4 d2 58. Rxc2 d1=Q 59. Rc5+ Kf6 60. b6 Qd4+ 61. Kb5 Rb1+ 62. Kc6 Qe4+ 63. Kc7 Qe7+ 64. Kc6 Qe8+ 65. Kc7 Qe7+ 66. Kc6 Qe6+ 67. Kc7 Qxb6+ 68. Kd7 Qxa7+ 69. Rc7 Rb7 70. Rxb7 Qxb7+ 71. Kd8 Ke6 72. Ke8 Qe7# 0-1


[Site "https://www.chess.com"]

[Event "Titled Tuesday Blitz December 06 Early 2022"]
[White "Tologon tegin, Semetei"]
[Black "Vidit, Santosh Gujrathi"]
[WhiteFideId "13800574"]
[BlackFideId "5029465"]
[WhiteElo "2264"]
[BlackElo "2669"]
[Result "0-1"]
[Round "02"]
[TimeControl "180+1"]
[Date "2022.12.07"]
[WhiteClock "0:00:05"]
[BlackClock "0:00:32"]

1. e4 c5 2. Nf3 Nc6 3. d4 cxd4 4. Nxd4 Nf6 5. Nc3 d6 6. Bg5 e6 7. Qd3 Bd7 8. Ndb5 Nb4 9. Qd1 Qb8 10. a3 Nc6 11. Be2 a6 12. Nd4 Be7 13. O-O O-O 14. Nb3 b5 15. Qd2 Rc8 16. Rad1 b4 17. axb4 Qxb4 18. Qe3 a5 19. Rb1 a4 20. Nd2 Nd4 21. Bd3 Ng4 22. Qg3 Bxg5 23. f4 Bxf4 24. Rxf4 Ne5 25. Kh1 a3 26. Nb3 Nxb3 27. cxb3 axb2 28. Ne2 Ra1 29. h3 Qxb3 30. Rf3 Nxd3 31. Rxd3 Rxb1+ 32. Kh2 Qb5 33. Nc3 Rxc3 34. Rxc3 Qe5 35. Qxe5 dxe5 36. Rb3 g5 37. Rb8+ Kg7 38. Rb7 Bc6 39. Rb6 Bxe4 40. h4 gxh4 41. g3 Rh1# 0-1


[Site "https://www.chess.com"]

[Event "Titled Tuesday Blitz December 06 Early 2022"]
[White "Toshali, V"]
[Black "sabkeIXO"]
[WhiteFideId "5072611"]
[WhiteElo "1973"]
[BlackElo "2500"]
[Result "0-1"]
[Round "02"]
[TimeControl "180+1"]
[Date "2022.12.07"]
[WhiteClock "0:01:32"]
[BlackClock "0:00:51"]

1. d4 Nf6 2. Nf3 g6 3. Bg5 Bg7 4. Nbd2 d5 5. e3 O-O 6. Be2 h6 7. Bh4 Nbd7 8. O-O c5 9. c3 b6 10. Bg3 Nh5 11. Bh4 Nhf6 12. Ne5 Nxe5 13. dxe5 Ne8 14. Nf3 Bb7 15. Qc2 Qc7 16. e6 f5 17. Bg3 Qc6 18. c4 Qxe6 19. cxd5 Bxd5 20. Rfd1 Rd8 21. a4 Bb3 22. Qc1 Rxd1+ 23. Bxd1 Bxd1 24. Qxd1 Bxb2 25. Rb1 Bf6 26. a5 bxa5 27. Qa4 Nd6 28. Qxa5 c4 29. Qxa7 c3 30. Rc1 Ne4 31. Nd4 Bxd4 32. Qxd4 Rc8 33. f3 Nxg3 34. hxg3 c2 35. Qb2 Qxe3+ 36. Kh2 Qc3 37. Qxc3 Rxc3 38. Kg1 Kf7 39. Kf2 e5 40. Ke2 Ke6 41. Kd2 Rc7 42. Rxc2 Rxc2+ 43. Kxc2 Kd5 44. Kd3 e4+ 45. Ke3 Ke5 46. Ke2 Kd4 47. Kd2 g5 48. Ke2 e3 49. f4 g4 50. Ke1 Kd3 51. Kd1 h5 52. Ke1 e2 53. Kf2 Kd2 54. Kg1 e1=Q+ 55. Kh2 Qe4 56. Kg1 Ke2 57. Kh2 Kf2 58. Kh1 Qb1+ 59. Kh2 Qg1# 0-1


[Site "https://www.chess.com"]

[Event "Titled Tuesday Blitz December 06 Early 2022"]
[White "Tsatsalashvili, Keti"]
[Black "Rodriguez Fontecha, Marcos"]
[WhiteFideId "13603434"]
[BlackFideId "2256576"]
[WhiteElo "2220"]
[BlackElo "2263"]
[Result "0-1"]
[Round "02"]
[TimeControl "180+1"]
[Date "2022.12.07"]
[WhiteClock "0:00:57"]
[BlackClock "0:01:09"]

1. d4 d5 2. Nf3 Nf6 3. c4 c6 4. e3 g6 5. Nbd2 Bg7 6. Bd3 O-O 7. h3 a6 8. c5 Nfd7 9. O-O e5 10. Ne1 exd4 11. exd4 Bxd4 12. Nb3 Bg7 13. Bd2 a5 14. Bf4 a4 15. Bd6 axb3 16. Bxf8 Qxf8 17. axb3 Rxa1 18. Qxa1 Nxc5 19. Bc2 Nba6 20. Nd3 Nxd3 21. Bxd3 Nb4 22. Be2 Bf5 23. Qa3 Bd3 24. Bxd3 Nxd3 25. Qa7 Qb4 26. Qb8+ Bf8 27. Ra1 h5 28. Ra7 Qe1+ 29. Kh2 Nxf2 30. Ra8 Qh1+ 31. Kg3 Ne4+ 32. Kf3 Qf1+ 33. Ke3 Qf2+ 34. Kd3 Qd2# 0-1


[Site "https://www.chess.com"]

[Event "Titled Tuesday Blitz December 06 Early 2022"]
[White "Valle Maytin, Luis Enrique"]
[Black "Aloma Vidal, Robert"]
[WhiteFideId "3503666"]
[BlackFideId "2260409"]
[WhiteElo "2225"]
[BlackElo "2435"]
[Result "0-1"]
[Round "02"]
[TimeControl "180+1"]
[Date "2022.12.07"]
[WhiteClock "0:00:11"]
[BlackClock "0:00:48"]

1. e4 e5 2. Nf3 Nf6 3. Nxe5 d6 4. Nd3 Nxe4 5. Qe2 Qe7 6. Nf4 c6 7. d4 Nf6 8. Be3 Bg4 9. f3 Bf5 10. Nc3 Nbd7 11. h4 h5 12. Qd2 Bxc2 13. Kf2 Bf5 14. Bd3 Bxd3 15. Nxd3 O-O-O 16. Bf4 Nb6 17. Rhe1 Qd7 18. b3 Qf5 19. Bg3 g6 20. a4 Bh6 21. Qc2 Nbd5 22. Nxd5 Nxd5 23. Kg1 Rhe8 24. Bf2 Nf4 25. Nb4 Qxc2 26. Nxc2 Nd3 27. Rxe8 Rxe8 28. Bg3 Re2 29. Na3 d5 30. Rd1 Nf4 31. Bxf4 Bxf4 32. Nb1 Rc2 33. Re1 Kd7 34. Na3 Rc3 35. Rb1 Be3+ 36. Kh2 Bxd4 37. Rd1 Be5+ 38. Kh3 Rxb3 39. Nc2 Rc3 40. Ne1 Ra3 41. Nd3 Bd6 42. Nb2 Ra2 43. Rd2 Be5 44. Nc4 Rxd2 45. Nxd2 c5 46. g3 c4 47. f4 Bc3 48. Nb1 Bb4 49. Kg2 d4 50. Kf2 Kd6 51. Ke2 Kd5 52. Kd1 Ke4 53. Kc2 d3+ 54. Kd1 Ke3 55. a5 b5 56. axb6 axb6 57. g4 hxg4 58. f5 g3 59. fxg6 fxg6 60. h5 g2 61. Kc1 c3 62. Nxc3 Bxc3 63. Kb1 g1=Q+ 64. Ka2 Qa1+ 65. Kb3 b5 66. hxg6 Qb2# 0-1


[Site "https://www.chess.com"]

[Event "Titled Tuesday Blitz December 06 Early 2022"]
[White "Viana Da Costa, Fernando"]
[Black "Movahed, Sina"]
[WhiteFideId "2111900"]
[BlackFideId "42520835"]
[WhiteElo "2259"]
[BlackElo "2225"]
[Result "0-1"]
[Round "02"]
[TimeControl "180+1"]
[Date "2022.12.07"]
[WhiteClock "0:01:13"]
[BlackClock "0:02:05"]

1. e4 c5 2. Nf3 d6 3. d3 Nf6 4. g3 g6 5. Bg2 Bg7 6. O-O O-O 7. h3 Nc6 8. Re1 Rb8 9. c3 b5 10. d4 b4 11. d5 Na5 12. Bf1 e6 13. cxb4 Rxb4 14. dxe6 Bxe6 15. Nc3 d5 16. exd5 Nxd5 17. Ne4 c4 18. Neg5 Bc8 19. Bd2 Rxb2 20. Bxa5 Qxa5 21. Bxc4 Qc5 0-1


[Site "https://www.chess.com"]

[Event "Titled Tuesday Blitz December 06 Early 2022"]
[White "Vifleemskaia, Svetlana"]
[Black "Bazarov, Konstantin"]
[WhiteFideId "4129490"]
[BlackFideId "4137000"]
[WhiteElo "1930"]
[BlackElo "2228"]
[Result "1-0"]
[Round "02"]
[TimeControl "180+1"]
[Date "2022.12.07"]
[WhiteClock "0:00:10"]
[BlackClock "0:00:14"]

1. d4 b6 2. c4 Bb7 3. Nc3 Nf6 4. a3 d5 5. cxd5 Nxd5 6. Qc2 Nxc3 7. bxc3 e6 8. e4 Be7 9. Nf3 O-O 10. Bd3 c5 11. O-O cxd4 12. cxd4 Nc6 13. Bb2 Rc8 14. Qd2 Na5 15. Qe2 Bf6 16. Rad1 Qd7 17. Bb5 Bc6 18. Ba6 Rcd8 19. d5 exd5 20. e5 Be7 21. Nd4 Qc7 22. Rc1 Bc5 23. Nf5 Bd7 24. Nxg7 Kxg7 25. e6+ f6 26. e7 Rde8 27. exf8=Q+ Rxf8 28. Qh5 Qd6 29. Bd3 Rh8 30. Rfe1 Nc6 31. Qg5+ Kf7 32. Qh6 Ne5 33. Bxh7 Qf8 34. Qh5+ Kg7 35. Rxe5 Rxh7 36. Rg5+ Kh8 37. Qg6 d4 38. Rh5 Rxh5 39. Qxh5+ Kg7 40. Qd5 Qf7 41. Qxf7+ Kxf7 42. Rd1 Bg4 43. f3 d3+ 44. Kf1 Bf5 45. g4 Bh7 46. a4 Ke6 47. h4 Kd5 48. Bxf6 Kc4 49. h5 Bb4 50. g5 d2 51. g6 Bg8 52. Bg5 Kd3 53. Bxd2 Bxd2 54. Rxd2+ Kxd2 55. h6 Bc4+ 56. Kf2 Bd3 57. h7 Bxg6 58. h8=Q Bd3 59. Qd4 1-0


[Site "https://www.chess.com"]

[Event "Titled Tuesday Blitz December 06 Early 2022"]
[White "Vlassov, Nikolai"]
[Black "Shapiro, Daniel"]
[WhiteFideId "4103360"]
[BlackFideId "2001780"]
[WhiteElo "2324"]
[BlackElo "2309"]
[Result "1-0"]
[Round "02"]
[TimeControl "180+1"]
[Date "2022.12.07"]
[WhiteClock "0:00:15"]
[BlackClock "0:00:05"]

1. e4 e5 2. Bc4 Nf6 3. d3 h6 4. f4 d6 5. Nf3 Nc6 6. Nc3 Bg4 7. O-O Be7 8. h3 Bxf3 9. Qxf3 Nd4 10. Qf2 c6 11. fxe5 dxe5 12. Be3 O-O 13. Kh1 b5 14. Bb3 a5 15. Qg3 a4 16. Bxh6 Nh5 17. Qxe5 axb3 18. Qxh5 gxh6 19. cxb3 Bg5 20. e5 Qe7 21. Rae1 Qe6 22. Re4 Nf5 23. Rg4 Ng7 24. Rxg5 hxg5 25. Qxg5 Qg6 26. Qf4 Rad8 27. Ne4 Nh5 28. Qh4 Kg7 29. g4 Rh8 30. gxh5 Rxh5 31. Qf6+ Qxf6 32. exf6+ Kh7 33. Rf3 Rdd5 34. Kg2 Rdf5 35. a4 bxa4 36. bxa4 Rxf3 37. Kxf3 Rxh3+ 38. Kf4 Rh2 39. b4 Ra2 40. Nc5 Ra3 41. Ke5 Kg6 42. a5 Ra2 43. a6 Kg5 44. Kd6 Kxf6 45. Kxc6 Ke5 46. b5 f5 47. b6 f4 48. b7 Rb2 49. a7 f3 50. b8=Q+ Kd4 51. Qxb2+ 1-0


[Site "https://www.chess.com"]

[Event "Titled Tuesday Blitz December 06 Early 2022"]
[White "Wieczorek, Zbigniew"]
[Black "Fecker, Noah"]
[WhiteFideId "1102001"]
[BlackFideId "1334263"]
[WhiteElo "2239"]
[BlackElo "2291"]
[Result "0-1"]
[Round "02"]
[TimeControl "180+1"]
[Date "2022.12.07"]
[WhiteClock "0:00:10"]
[BlackClock "0:00:19"]

1. Nf3 g6 2. c4 Bg7 3. Nc3 e5 4. d3 f5 5. g3 Nf6 6. Bg2 O-O 7. O-O d6 8. Rb1 a5 9. a3 Nc6 10. Bg5 h6 11. Bxf6 Qxf6 12. b4 axb4 13. axb4 Bd7 14. b5 Ne7 15. Nd2 Rab8 16. Qb3 Kh7 17. Qb4 e4 18. Rbc1 c5 19. Qb3 exd3 20. exd3 g5 21. Rfe1 Ng6 22. Nd5 Qf7 23. Qc2 Rbe8 24. Nc7 Rxe1+ 25. Rxe1 f4 26. Ne4 f3 27. Bf1 Be5 28. Nd5 Be6 29. d4 Bxd4 30. Nxd6 Qd7 31. Bd3 Bxd5 32. Bxg6+ Kh8 33. Nf5 Bg8 34. Nxh6 Qh3 0-1


[Site "https://www.chess.com"]

[Event "Titled Tuesday Blitz December 06 Early 2022"]
[White "Williams, Simon K"]
[Black "Sanchez, Robert"]
[WhiteFideId "404454"]
[BlackFideId "2034360"]
[WhiteElo "2468"]
[BlackElo "2337"]
[Result "0-1"]
[Round "02"]
[TimeControl "180+1"]
[Date "2022.12.07"]
[WhiteClock "0:00:12"]
[BlackClock "0:00:05"]

1. d4 Nf6 2. Bg5 d5 3. Nd2 Nbd7 4. Ngf3 c6 5. e3 e6 6. Bd3 Be7 7. O-O h6 8. Bh4 O-O 9. Ne5 Nxe5 10. dxe5 Nd7 11. Bxe7 Qxe7 12. f4 f5 13. exf6 Qxf6 14. e4 Qxb2 15. e5 Nc5 16. Bg6 Bd7 17. Kh1 Qd4 18. g3 Be8 19. Bxe8 Raxe8 20. Qe2 Rf7 21. Rab1 Ref8 22. h4 g5 23. hxg5 hxg5 24. Nf3 Qe4 25. Qxe4 Nxe4 26. Kg2 gxf4 27. g4 Rg7 28. Nh2 b5 29. Rbd1 Kh7 30. Rd3 Kg6 31. Rh3 Rh7 32. Rxh7 Kxh7 33. Nf3 Kg6 34. Rh1 c5 35. Nh4+ Kg7 36. Kf3 Ng5+ 37. Kf2 f3 38. Kg3 f2 39. Rf1 Ne4+ 40. Kg2 Kh6 41. Nf3 Ng5 42. Nd2 c4 43. c3 a5 44. a3 Rf4 45. Rh1+ Kg6 46. Kg3 Rf8 47. Nf1 Ne4+ 48. Kg2 Nxc3 49. Rh3 d4 50. g5 Ne4 51. Rh6+ Kxg5 52. Rxe6 Kf5 53. Re7 Nc5 54. Kxf2 Ke4+ 55. Ke1 Nd3+ 56. Kd2 Rf2+ 57. Kd1 Rxf1+ 58. Ke2 Rf2+ 59. Kd1 c3 0-1


[Site "https://www.chess.com"]

[Event "Titled Tuesday Blitz December 06 Early 2022"]
[White "Wojtaszek, Radoslaw"]
[Black "Krzywda, Andrzej"]
[WhiteFideId "1118358"]
[BlackFideId "1114565"]
[WhiteElo "2605"]
[BlackElo "2149"]
[Result "1-0"]
[Round "02"]
[TimeControl "180+1"]
[Date "2022.12.07"]
[WhiteClock "0:00:40"]
[BlackClock "0:00:16"]

1. e4 c5 2. Nc3 Nc6 3. Bb5 Nd4 4. Bc4 e6 5. Nge2 a6 6. a4 Qc7 7. d3 Nc6 8. O-O Nf6 9. f4 Nb4 10. e5 Nfd5 11. Ne4 b6 12. c3 Nc6 13. N2g3 Bb7 14. Bxd5 exd5 15. Nd6+ Bxd6 16. exd6 Qxd6 17. Re1+ Kf8 18. Qe2 Ne7 19. d4 h5 20. Be3 h4 21. Nf1 Nf5 22. Qg4 g6 23. Bf2 Kg7 24. Re5 Rae8 25. Rxf5 Qe6 26. Rg5 Qe4 27. h3 f6 28. Re1 Qxe1 29. Rxg6+ Kf7 30. Bxe1 Rxe1 31. Rg7+ Kf8 32. Qxd7 1-0


[Site "https://www.chess.com"]

[Event "Titled Tuesday Blitz December 06 Early 2022"]
[White "Wong, Yinn Long"]
[Black "Berezin, Viktor"]
[WhiteFideId "5707684"]
[BlackFideId "14107872"]
[WhiteElo "2271"]
[BlackElo "2310"]
[Result "1/2-1/2"]
[Round "02"]
[TimeControl "180+1"]
[Date "2022.12.07"]
[WhiteClock "0:01:43"]
[BlackClock "0:01:00"]

1. d4 Nf6 2. c4 g6 3. Nf3 Bg7 4. g3 O-O 5. Bg2 d6 6. O-O Nc6 7. Nc3 a6 8. Bf4 Rb8 9. Rc1 b5 10. Nd5 bxc4 11. Nxf6+ Bxf6 12. Rxc4 Bd7 13. Qc1 Rb6 14. Bg5 e6 15. Bxf6 Qxf6 16. b3 Rfb8 17. e3 d5 18. Rc5 R8b7 19. Qc3 Na7 20. Ne5 Be8 21. Rxc7 Nb5 22. Rxb7 Nxc3 23. Rxb6 Bb5 24. Rb8+ Kg7 25. Re1 Ne2+ 26. Kh1 Qxf2 27. Rd1 Nc3 28. Rg1 Ne2 29. Rd1 Nc3 30. Rg1 Ne2 31. Rd1 1/2-1/2


[Site "https://www.chess.com"]

[Event "Titled Tuesday Blitz December 06 Early 2022"]
[White "Xie, Bryan"]
[Black "Yeletsky, Ivan"]
[WhiteFideId "30941296"]
[BlackFideId "24180327"]
[WhiteElo "2033"]
[BlackElo "2391"]
[Result "0-1"]
[Round "02"]
[TimeControl "180+1"]
[Date "2022.12.07"]
[WhiteClock "0:00:06"]
[BlackClock "0:01:51"]

1. d4 d5 2. Nf3 e6 3. Bf4 Bd6 4. e3 Bxf4 5. exf4 Qd6 6. g3 Qb4+ 7. Nc3 Qxb2 8. Nb5 Qb4+ 9. c3 Qa5 10. Qb3 Nf6 11. Bd3 O-O 12. O-O a6 13. Na3 c5 14. c4 b5 15. dxc5 bxc4 16. Bxc4 dxc4 17. Nxc4 Qxc5 18. Nb6 Bb7 19. Nxa8 Bxa8 20. Ne5 Nc6 21. Rac1 Nd4 22. Qd3 Qd5 23. f3 h5 24. Rcd1 Nf5 25. Qxd5 Bxd5 26. Rd2 Rb8 27. Rc1 Rb7 28. Rdc2 Nd4 29. Rc7 Ne2+ 30. Kf2 Nxc1 31. Rc8+ Kh7 32. Rxc1 Rb2+ 33. Ke3 Bxa2 34. Nxf7 Rb7 35. Ng5+ Kg6 36. Rc6 a5 37. Nxe6 Bxe6 38. Rxe6 Ra7 39. g4 Kf7 40. f5 hxg4 41. fxg4 Nxg4+ 42. Kf4 Nf6 43. Re5 a4 44. Re1 a3 45. Ra1 a2 0-1


[Site "https://www.chess.com"]

[Event "Titled Tuesday Blitz December 06 Early 2022"]
[White "Xiong, Jeffery"]
[Black "Sagita, Catur Adi"]
[WhiteFideId "2047640"]
[BlackFideId "7104618"]
[WhiteElo "2726"]
[BlackElo "2232"]
[Result "1/2-1/2"]
[Round "02"]
[TimeControl "180+1"]
[Date "2022.12.06"]
[WhiteClock "0:00:06"]
[BlackClock "0:00:08"]

1. g4 d6 2. Bg2 Nc6 3. g5 e5 4. d3 Be7 5. h4 h6 6. Nf3 hxg5 7. hxg5 Rxh1+ 8. Bxh1 Bg4 9. c3 Bxf3 10. Bxf3 Bxg5 11. Qb3 Bxc1 12. Qxb7 Rb8 13. Qxc6+ Kf8 14. a4 Qg5 15. Kf1 Bxb2 16. Qxc7 Re8 17. Bc6 Bxa1 18. Bxe8 Kxe8 19. Qb8+ Kd7 20. e3 Ne7 21. Nd2 Qg4 22. Qb5+ Ke6 23. Ne4 Qd1+ 24. Kg2 Qg4+ 25. Kf1 f5 26. Ng3 Qf3 27. Qb1 Bxc3 28. Qb3+ Nd5 29. e4 fxe4 30. dxe4 Qd3+ 31. Kg2 Kd7 32. exd5 Qd4 33. Qb7+ Kd8 34. Qb8+ Kd7 35. Qb7+ Kd8 36. Qf7 Be1 37. Qg8+ Kc7 38. Qxg7+ Kb6 39. Qf7 Ka5 40. Qf3 Kxa4 41. Nf5 Qxf2+ 42. Qxf2 Bxf2 43. Kxf2 Kb5 44. Nxd6+ Kc5 45. Nc8 Kxd5 46. Nxa7 Kd4 47. Nc6+ Kd5 48. Nxe5 1/2-1/2


[Site "https://www.chess.com"]

[Event "Titled Tuesday Blitz December 06 Early 2022"]
[White "Xu, Yi"]
[Black "Terzi, Alexei"]
[WhiteFideId "8605564"]
[BlackFideId "13505076"]
[WhiteElo "2471"]
[BlackElo "2172"]
[Result "1-0"]
[Round "02"]
[TimeControl "180+1"]
[Date "2022.12.07"]
[WhiteClock "0:00:45"]
[BlackClock "0:00:04"]

1. e4 c5 2. Nf3 Nc6 3. Bb5 g6 4. O-O Bg7 5. c3 Nf6 6. Re1 O-O 7. d4 d5 8. e5 Ne4 9. Bxc6 bxc6 10. Be3 Rb8 11. Qc1 Bg4 12. Nbd2 Nxd2 13. Nxd2 cxd4 14. cxd4 c5 15. Qxc5 Rxb2 16. Nb3 Bf5 17. Qxa7 f6 18. exf6 Bxf6 19. h3 Qa8 20. Qc7 Rxa2 21. Rxa2 Qxa2 22. Nc5 Rc8 23. Qg3 Qb2 24. Qf3 Rd8 25. Rd1 Kg7 26. g4 Bc8 27. g5 Rf8 28. gxf6+ Rxf6 29. Qg2 Qe2 30. Rc1 Qh5 31. Nd3 Bxh3 32. Qg5 Qf3 33. Ne5 Qe2 34. Qh6+ Kg8 35. Qxh3 1-0


[Site "https://www.chess.com"]

[Event "Titled Tuesday Blitz December 06 Early 2022"]
[White "Yaran, Siar"]
[Black "Pranesh M"]
[WhiteFideId "6323006"]
[BlackFideId "35028600"]
[WhiteElo "2191"]
[BlackElo "2403"]
[Result "0-1"]
[Round "02"]
[TimeControl "180+1"]
[Date "2022.12.06"]
[WhiteClock "0:00:05"]
[BlackClock "0:00:23"]

1. d4 d5 2. c4 c6 3. Nc3 Nf6 4. Nf3 e6 5. e3 Nbd7 6. b3 Bd6 7. Be2 O-O 8. O-O Ne4 9. Bb2 f5 10. Qc1 Rf6 11. g3 Rh6 12. Nd1 Qf6 13. Ba3 Bc7 14. Nb2 g5 15. Nd3 g4 16. Nd2 Qg5 17. Nf4 Ndf6 18. Nxe4 fxe4 19. Be7 Bxf4 20. exf4 Qf5 21. Qd1 Rg6 22. Bxf6 Qxf6 23. Bxg4 Bd7 24. Kh1 Kh8 25. Bh3 Rh6 26. Bg2 Be8 27. f3 Bh5 28. g4 Qh4 29. Qe1 Bf7 30. Qxh4 Rxh4 31. h3 h5 32. g5 e3 33. f5 Rxd4 34. g6 Be8 35. fxe6 Bxg6 36. Rae1 Rd3 37. cxd5 cxd5 38. f4 Bf5 39. Rf3 d4 40. Rg3 Rg8 41. e7 Bd7 42. Rxg8+ Kxg8 43. Bd5+ Kg7 44. Rg1+ Kf6 45. Bc4 Rd2 46. f5 Bc6+ 0-1


[Site "https://www.chess.com"]

[Event "Titled Tuesday Blitz December 06 Early 2022"]
[White "Yilmaz, Mustafa"]
[Black "Colas, Joshua"]
[WhiteFideId "6302718"]
[BlackFideId "2044447"]
[WhiteElo "2564"]
[BlackElo "2347"]
[Result "1-0"]
[Round "02"]
[TimeControl "180+1"]
[Date "2022.12.06"]
[WhiteClock "0:01:39"]
[BlackClock "0:00:50"]

1. d4 Nf6 2. c4 e6 3. Nc3 Bb4 4. Qc2 O-O 5. a3 Bxc3+ 6. Qxc3 b6 7. Nf3 Bb7 8. g3 d6 9. Bg2 Nbd7 10. O-O Qe7 11. b4 c5 12. Bb2 Rac8 13. dxc5 bxc5 14. b5 d5 15. e3 dxc4 16. a4 Bd5 17. Rfe1 Nb6 18. e4 Ba8 19. a5 Nbd7 20. Qxc4 e5 21. Nh4 g6 22. Bh3 Rfd8 23. Ng2 Rb8 24. f3 Nf8 25. Ne3 Ne6 26. Bxe6 fxe6 27. Bxe5 Rbc8 28. Rad1 Nd7 29. Bb2 h5 30. Qc3 e5 31. Nc4 Qf6 32. Rd6 Qg7 33. Red1 1-0


[Site "https://www.chess.com"]

[Event "Titled Tuesday Blitz December 06 Early 2022"]
[White "Zaksaite, Salomeja"]
[Black "Raahul V S"]
[WhiteFideId "12801496"]
[BlackFideId "25035525"]
[WhiteElo "2079"]
[BlackElo "2202"]
[Result "0-1"]
[Round "02"]
[TimeControl "180+1"]
[Date "2022.12.07"]
[WhiteClock "0:00:04"]
[BlackClock "0:01:00"]

1. e4 e5 2. Nf3 Nc6 3. Bc4 Nf6 4. d3 h6 5. Nbd2 d6 6. h3 Na5 7. Bb5+ c6 8. Ba4 b5 9. Bb3 Be7 10. c3 Nxb3 11. axb3 O-O 12. Nf1 Be6 13. g4 Qc7 14. Ng3 Nxg4 15. hxg4 Bxg4 16. Nf5 Bxf5 17. exf5 d5 18. Rg1 e4 19. Bxh6 Bf6 20. Nd4 Qh2 21. Rxg7+ Bxg7 22. Bxg7 Qg1+ 23. Kd2 Qxf2+ 24. Kc1 Kxg7 25. Qg4+ Kf6 26. Nxc6 Rg8 0-1


[Site "https://www.chess.com"]

[Event "Titled Tuesday Blitz December 06 Early 2022"]
[White "Zemlyanskii, Ivan"]
[Black "Decuigniere, Tom"]
[WhiteFideId "24249971"]
[BlackFideId "26093820"]
[WhiteElo "2107"]
[BlackElo "2288"]
[Result "1-0"]
[Round "02"]
[TimeControl "180+1"]
[Date "2022.12.07"]
[WhiteClock "0:00:24"]
[BlackClock "0:00:05"]

1. d4 Nf6 2. c4 e6 3. Nf3 Bb4+ 4. Bd2 Qe7 5. g3 Nc6 6. b3 Bxd2+ 7. Qxd2 O-O 8. Bg2 d5 9. O-O dxc4 10. bxc4 Rd8 11. Qb2 Qb4 12. Qxb4 Nxb4 13. Nc3 c5 14. dxc5 Bd7 15. Ne5 Nc6 16. Bxc6 Bxc6 17. Rfd1 Kf8 18. Rd6 Ne8 19. Nxc6 bxc6 20. Rxc6 Rac8 21. Rxc8 Rxc8 22. Na4 Nf6 23. Rb1 Ne4 24. Rb5 Rc7 25. f3 Nf6 26. Nb2 Nd7 27. Nd3 Ke7 28. e4 f6 29. Kf2 a6 30. Ra5 Nb8 31. Ke3 Kd7 32. Nb4 Ra7 33. f4 Kc7 34. h4 Nc6 35. Nxc6 Kxc6 36. h5 h6 37. g4 Ra8 38. Kd4 Rd8+ 39. Kc3 Ra8 40. e5 fxe5 41. fxe5 Ra7 42. Kd4 Rd7+ 43. Ke4 Ra7 44. Kf4 Rf7+ 45. Kg3 Ra7 46. Kh4 Ra8 47. g5 Ra7 48. Kg4 Ra8 49. g6 Ra7 50. Ra3 Kxc5 51. Rf3 Rd7 52. Rf7 Rd4+ 53. Kg3 Rd3+ 54. Kf4 Rh3 55. Kg4 Re3 56. Rxg7 Rxe5 57. Rh7 Re4+ 58. Kf3 Re5 59. Rxh6 Kxc4 60. Rh7 Rf5+ 61. Ke4 Rg5 62. g7 Rg4+ 63. Ke5 Rxg7 64. Rxg7 1-0


[Site "https://www.chess.com"]

[Event "Titled Tuesday Blitz December 06 Early 2022"]
[White "Zhigalko, Sergei"]
[Black "Itgelt, Khuyagtsogt"]
[WhiteFideId "13502956"]
[BlackFideId "4902912"]
[WhiteElo "2662"]
[BlackElo "2227"]
[Result "1-0"]
[Round "02"]
[TimeControl "180+1"]
[Date "2022.12.06"]
[WhiteClock "0:00:55"]
[BlackClock "0:00:02"]

1. e4 e5 2. Nf3 Nc6 3. Bb5 Nf6 4. d3 Bc5 5. Bxc6 dxc6 6. Nbd2 Be6 7. O-O Nd7 8. Nb3 Bd6 9. Na5 Qc8 10. Ng5 Nc5 11. b4 Na6 12. a3 Bd7 13. f4 h6 14. Nxf7 O-O 15. Nxe5 Bxe5 16. fxe5 Rxf1+ 17. Qxf1 Be6 18. Be3 Nb8 19. Qf3 b6 20. Nb3 Nd7 21. d4 Qa6 22. d5 cxd5 23. exd5 Nxe5 24. Qg3 Ng4 25. dxe6 Qc4 26. Bd4 Qxe6 27. Re1 Qf5 28. h3 Nf6 29. Bxf6 Qxf6 30. Qxc7 Rf8 31. Kh2 Kh8 32. Qg3 Qb2 33. Qd6 Rf6 34. Re8+ Kh7 35. Qd3+ Rg6 36. Re6 1-0


[Site "https://www.chess.com"]

[Event "Titled Tuesday Blitz December 06 Early 2022"]
[White "monkins"]
[Black "Mahajan, Rushaan"]
[BlackFideId "30934222"]
[WhiteElo "2230"]
[BlackElo "2148"]
[Result "1/2-1/2"]
[Round "02"]
[TimeControl "180+1"]
[Date "2022.12.07"]
[WhiteClock "0:00:07"]
[BlackClock "0:00:09"]

1. Nf3 d5 2. c4 d4 3. b4 Nf6 4. g3 c5 5. b5 b6 6. Bg2 Bb7 7. d3 Nbd7 8. a4 a5 9. bxa6 Rxa6 10. Na3 e6 11. Nb5 Be7 12. Bf4 O-O 13. O-O Re8 14. Bd6 Nf8 15. Bxe7 Rxe7 16. e3 e5 17. exd4 cxd4 18. Re1 Ng6 19. Qb3 Nd7 20. Qc2 Nc5 21. Nd2 Bxg2 22. Kxg2 Qa8+ 23. Kg1 Rxa4 24. Rxa4 Qxa4 25. Qxa4 Nxa4 26. Ra1 Nc5 27. Ra3 h5 28. f3 h4 29. Ne4 Nxe4 30. fxe4 h3 31. Ra8+ Kh7 32. Rb8 Re6 33. Nc7 Rf6 34. Nd5 Rf3 35. Nb4 Re3 36. Rxb6 Re1+ 37. Kf2 Rh1 38. c5 Rxh2+ 39. Kg1 Rg2+ 40. Kh1 Rxg3 41. c6 Nh4 42. Kh2 Rg6 43. Nd5 Nf3+ 44. Kxh3 Ng1+ 45. Kh2 Nf3+ 46. Kh3 Rg1 47. c7 Ng5+ 48. Kh2 Nf3+ 49. Kh3 Ng5+ 50. Kh2 Nf3+ 51. Kh3 1/2-1/2


[Site "https://www.chess.com"]